 Dungeon Crawl Stone Soup version 0.25.1-2-g60ff931df9 (webtiles) character file.

Game seed: 60418833241722621

59 Delamore the Cudgeler (level 4, 0/28 HPs)
             Began as a Gargoyle Fighter on Aug 19, 2020.
             Slain by a hobgoblin (3 damage)
             ... led by Robin
             ... on level 2 of the Dungeon.
             The game lasted 00:01:05 (1497 turns).

Delamore the Cudgeler (Gargoyle Fighter)            Turns: 1497, Time: 00:01:06

Health: 0/28       AC: 12    Str: 20    XL:     4   Next: 3%
Magic:  4/4        EV:  5    Int:  9    God:
Gold:   92         SH:  9    Dex:  9    Spells: 3/3 levels left

rFire    . . .     SeeInvis .   a - +0 flail
rCold    . . .     Gourm    .   c - +0 kite shield
rNeg     + . .     Faith    .   p - +0 chain mail
rPois    ∞         Spirit   .   (no helmet)
rElec    +         Reflect  .   (no cloak)
rCorr    .         Harm     .   (no gloves)
MR       .....                  (no boots)
Stlth    ..........             (no amulet)
HPRegen  0.09/turn              (no ring)
MPRegen  0.09/turn              (no ring)

@: no status effects
A: negative energy resistance 1, electricity resistance, unbreathing,
petrification resistance, rot immunity, AC +3
a: no special abilities


You were on level 2 of the Dungeon.
You were not hungry.

You visited 1 branch of the dungeon, and saw 2 of its levels.

You collected 92 gold pieces.

Inventory:

Hand Weapons
 a - a +0 flail (weapon)
Missiles
 q - 3 javelins (quivered)
Armour
 b - a +0 scale mail
 c - a +0 kite shield (worn)
 p - a +0 chain mail (worn)
Scrolls
 e - 2 scrolls of fog {unknown}
 g - a scroll of amnesia {unknown}
 h - 2 scrolls of remove curse {unknown}
 i - 5 scrolls of identify {unknown}
 j - a scroll of blinking {unknown}
 n - a scroll of fear {unknown}
 o - a scroll of immolation {unknown}
Potions
 d - a potion of might
 k - a potion of flight {unknown}
 l - a potion of magic {unknown}
Comestibles
 f - 8 rations
 m - a chunk of flesh


   Skills:
 - Level 3.2 Fighting
 + Level 4.2 Maces & Flails
 - Level 3.2 Armour
 - Level 3.2 Shields


You had 3 spell levels left.
You didn't know any spells.
Your spell library was empty.

Dungeon Overview and Level Annotations

Branches:
Dungeon (2/15)

Altars:

Annotations:
D:2 Robin


Innate Abilities, Weirdness & Mutations

You are resistant to torment.
Your stone body is resilient. (AC +3)
You are immune to poison.
You resist negative energy. (rN+)
You are resistant to electric shocks. (rElec)
You can survive without breathing.
You are immune to petrification.
You are immune to rotting.


Message History

Robin roars a battlecry!
The goblins go into a battle-frenzy!
You block the frilled lizard's attack. The goblin hits you but does no damage.
You block the goblin's attack. You block the hobgoblin's attack.
The goblin hits you with a +0 club.
* * * LOW HITPOINT WARNING * * *
The hobgoblin hits you but does no damage.
The goblin completely misses you. The goblin barely misses you.
The frilled lizard bites you but does no damage.
The goblin hits you with a +0 dagger.
* * * LOW HITPOINT WARNING * * *
You block the goblin's attack.
You barely miss the hobgoblin.
The hobgoblin hits you but does no damage.
You block the goblin's attack. The hobgoblin hits you.
* * * LOW HITPOINT WARNING * * *
The goblin hits you but does no damage. x2
You block the frilled lizard's attack. The goblin hits you but does no damage.
You block the goblin's attack. The hobgoblin hits you.
You die...

#........# ##........
.........# ##........#
.........# #[.........
.........# #..........
.........# #..........
#........# #..........
#........#####..........
...............ggg.....#
..###....######g@lg...#
..........#####gggg.....
................gg......
........#...............
.)..............#####.##
.................. #
.........#........
#.......##.....(..
...##............#


You could see Robin, 4 hobgoblins, 6 goblins and a frilled lizard.

Vanquished Creatures
  An adder (D:2)
  An ooze (D:1)
  2 dart slugs (D:1)
  2 leopard geckos (D:1)
  2 giant cockroaches (D:1)
  8 goblins
  5 hobgoblins
  6 jackals
  2 bats (D:1)
  4 kobolds
  3 rats
36 creatures vanquished.

Notes
Turn   | Place    | Note
-------+----------+-------------------------------------------
     0 | D:1      | Delamore the Gargoyle Fighter began the quest for the Orb.
     0 | D:1      | Reached XP level 1. HP: 14/14 MP: 1/1
   170 | D:1      | Reached XP level 2. HP: 16/19 MP: 2/2
   441 | D:1      | Reached skill level 3 in Maces & Flails
   658 | D:1      | Reached XP level 3. HP: 16/23 MP: 3/3
  1260 | D:2      | Reached skill level 4 in Maces & Flails
  1323 | D:2      | Reached XP level 4. HP: 18/28 MP: 4/4
  1485 | D:2      | Noticed Robin
  1497 | D:2      | Slain by a hobgoblin

Illustrated notes

Levels and vault maps discovered:
D:1:      lemuel_arrival_muddy, layout_basic, item_on_display_a
D:2:      layout_rooms, first_ration, minmay_increasing_density, uniq_robin

Skill      XL: |  1  2  3 |
---------------+----------+-----
Maces & Flails | 3 4 |  4.2
Fighting       | |  3.2
Armour         | |  3.2
Shields        | |  3.2

Action                   |  1- 3 |  4- 6 || total
-------------------------+-------+-------++-------
Melee: Flail             |   132 |    14 ||   146
  Eat: Chunk             |     1 |     1 ||     2
Armor: Scale mail        |    57 |       ||    57
       Chain mail        |    28 |    40 ||    68
Dodge: Dodged            |    46 |    18 ||    64
Block: Kite shield       |    86 |    28 ||   114
